 Dungeon Crawl Stone Soup version 0.19-a0-3-g95c6029 (webtiles) character file.

126 Minkie the Sneak (level 4, -6/30 HPs)
             Began as a Vampire Enchanter on Apr 28, 2016.
             Mangled by a gnoll
             ... wielding a +0 flail
              (13 damage)
             ... on level 2 of the Dungeon.
             The game lasted 00:06:28 (2258 turns).

Minkie the Sneak (Vampire Enchanter)                Turns: 2258, Time: 00:06:28

Health: -6/30      AC:  4    Str:  7    XL:     4   Next: 83%
Magic:  0/8        EV: 12    Int: 17    God:
Gold:   152        SH:  0    Dex: 15    Spells: 3 memorised, 2 levels left

rFire  . . .     SeeInvis +     a - +1 dagger
rCold  + + .     Gourm    .     q - +0 leather armour (curse)
rNeg   + + +     Faith    .     (no shield)
rPois  +         Spirit   .     (no helmet)
rElec  .         Dismiss  +     (no cloak)
rCorr  .         Reflect  .     f - +0 pair of gloves (curse)
SustAt .         Harm     .     (no boots)
MR     .....                    e - amulet of dismissal
Stlth  ++++......               (no ring)
                                (no ring)

@: regenerating slowly, not resistant to hostile enchantments, stealthy
A: fangs 3, see invisible, unbreathing
a: Bat Form


You were on level 2 of the Dungeon.
You were near bloodless.

You visited 1 branch of the dungeon, and saw 3 of its levels.

You collected 152 gold pieces.

Inventory:

Hand Weapons
 a - a +1 dagger (weapon)
Armour
 b - a +1 robe
 f - a cursed +0 pair of gloves (worn)
 q - a cursed +0 leather armour (worn)
Jewellery
 e - an amulet of dismissal (around neck)
Scrolls
 h - 2 scrolls of immolation {unknown}
 i - a scroll of magic mapping {unknown}
 j - 3 scrolls of blinking {unknown}
 k - 4 scrolls of identify {unknown}
 m - 2 scrolls of noise {unknown}
 n - a scroll of enchant armour {unknown}
 p - a scroll of recharging {unknown}
Potions
 d - 4 potions of blood
 g - a potion of cancellation {unknown}
 l - a potion of heal wounds {unknown}
 o - a potion of curing {unknown}
 r - a potion of cure mutation {unknown}
Books
 c - a book of Maledictions

   Spells                             Type                      Level
   a - Corona                         Hexes                        1
   b - Ensorcelled Hibernation        Hexes/Ice                    2
   c - Confuse                        Hexes                        3
   d - Tukima's Dance                 Hexes                        3
   e - Dazzling Spray                 Conjuration/Hexes            3


   Skills:
 + Level 2.3 Short Blades
 - Level 2.1 Dodging
 + Level 5.8 Stealth
 + Level 2.7 Spellcasting
 + Level 5.7 Hexes
 + Level 0.6 Ice Magic


You had 2 spell levels left.
You knew the following spells:

 Your Spells              Type           Power        Failure   Level  Hunger
a - Corona                Hex            ###....      2%          1    #......
b - Ensorcelled Hibernat  Hex/Ice        ##....       14%         2    ##.....
c - Confuse               Hex            ###.....     10%         3    ###....


Dungeon Overview and Level Annotations

Branches:
Dungeon (3/15)

Altars:
Cheibriados
Fedhas
Kikubaaqudgha
Ru


Innate Abilities, Weirdness & Mutations

You heal slowly.
You have razor-sharp teeth.
You have supernaturally acute eyesight.
You can survive without breathing.


Message History

Press: ? - help, Shift-Dir - straight line, f/p - gnoll
Aim: a gnoll, wielding a club (chance to defeat MR: 52%)
The gnoll resists with significant effort.
There is a stone staircase leading up here.
The gnoll hits you with a flail!
You climb upwards.
There is a stone staircase leading down here.
The gnoll hits you with a flail.
* * * LOW HITPOINT WARNING * * *
Your magical contamination has completely faded away.
An adder comes into view.
You see here 16 poisoned needles.
Casting: Ensorcelled Hibernation
Confirm with . or Enter, or press ? or * to list all spells.
Aiming: Ensorcelled Hibernation
Press: ? - help, Shift-Dir - straight line, f - gnoll
Aim: a gnoll, wielding a flail (chance to defeat MR: 52%)
The gnoll resists with significant effort.
The gnoll hits you with a flail!
You die...

####### ########## #.....#
#......... #<###.## #.########
#.##)..#####.# ## #.##.........#
#. #.##...########### #. #.######
#.....###.
########.##########.###.##..
#..>...S...@g.......# #.....
######.#.########.###.##.###.##..
.......#†##### #.# #........##..
##...##......####.###.####.####..
#.#..................# #.#..†).
#...##......####.#.### ##%#.##..
##...###.##### #.#.# ##....##..
............# #.#.# #..#..##..
##...###.##.# #.#.# #.###.....


You could see a gnoll and an adder.

Vanquished Creatures
  Ijyb (D:3)
  3 adders
  2 oozes
  3 worms (D:2)
  3 dart slugs
  4 giant geckos
  An orc (D:3)
  2 ball pythons (D:2)
  3 bats (D:1)
  A giant cockroach (D:1)
  2 goblins
  9 hobgoblins
  4 jackals (D:3)
  3 kobolds
  4 rats (D:1)
45 creatures vanquished.

Notes
Turn   | Place    | Note
--------------------------------------------------------------
     0 | D:1      | Minkie the Vampire Enchanter began the quest for the Orb.
     0 | D:1      | Reached XP level 1. HP: 13/13 MP: 3/3
   121 | D:1      | Reached XP level 2. HP: 14/19 MP: 5/5
   216 | D:1      | Learned a level 2 spell: Ensorcelled Hibernation
   323 | D:1      | Reached skill level 5 in Hexes
   392 | D:1      | Reached skill level 5 in Stealth
   677 | D:1      | Reached XP level 3. HP: 24/24 MP: 6/6
   682 | D:1      | Learned a level 3 spell: Confuse
  1197 | D:2      | Found an ancient bone altar of Kikubaaqudgha.
  1445 | D:2      | Found a blossoming altar of Fedhas.
  1448 | D:2      | Found a sacrificial altar of Ru.
  1453 | D:2      | Found a snail-covered altar of Cheibriados.
  1642 | D:2      | Found a snail-covered altar of Cheibriados.
  1662 | D:2      | Reached XP level 4. HP: 30/30 MP: 7/7
  2199 | D:3      | Noticed Ijyb
  2206 | D:3      | Killed Ijyb
  2258 | D:2      | Mangled by a gnoll

Vault maps used:
D:1:      dpeg_arrival_windows_large_door, st_stairs_9,
          minmay_large_rounded_square
D:2:      lemuel_round_altar, grunt_temple_overflow_diamond, first_bread,
          kennysheep_slug_shrine
D:3:      lemuel_blue_sif_altar, uniq_iyjb

Skill      XL: |  1  2  3 |
---------------+----------+-----
Hexes          | 5 |  5.7
Stealth        | 5 |  5.8
Short Blades   | 2 |  2.3
Dodging        | |  2.1
Spellcasting   | |  2.7
Ice Magic      | |  0.6

Action                   |  1- 3 |  4- 6 || total
-------------------------+-------+-------++-------
Melee: Dagger            |   112 |    41 ||   153
       Bite              |     3 |     3 ||     6
 Cast: Ensorcelled Hiber |     8 |    10 ||    18
 Stab: Sleeping          |    16 |     6 ||    22
Armor: Robe              |    24 |       ||    24
       Leather armour    |       |    15 ||    15
Dodge: Dodged            |    65 |    23 ||    88
